 Dungeon Crawl Stone Soup version 0.19-a0-1626-g5215c36 (webtiles) character file.

150461 Amnesiac the Brawler (level 16, -13/166 HPs)
             Began as a Troll Monk on Sept 18, 2016.
             Was the Champion of Ashenzari.
             Mangled by a deep elf blademaster
             ... wielding a +0 rapier
              (14 damage)
             ... on level 3 of the Elven Halls.
             The game lasted 01:28:48 (26348 turns).

Amnesiac the Brawler (Troll Monk)                  Turns: 26348, Time: 01:28:49

Health: -13/166    AC:  9    Str: 23    XL:     16   Next: 98%
Magic:  0/18       EV: 21    Int:  9    God:    Ashenzari [******]
Gold:   979        SH: 16    Dex: 17    Spells: 5 memorised, 4 levels left

rFire  + . .     SeeInvis +       - Unarmed
rCold  + + +     Gourm    +     K - +0 steam dragon armour (curse)
rNeg   + + .     Faith    .     f - +0 shield (curse)
rPois  +         Spirit   +     x - -2 hat of the Alchemist {rElec rPois rF+ rC+ rN+ MR+ rMut rCorr} (curse)
rElec  +         Dismiss  .     D - +0 cloak (curse)
rCorr  +         Reflect  .     (gloves unavailable)
rMut   +         Harm     .     (boots unavailable)
MR     +++..     Clarity  +     Q - amulet of guardian spirit
Stlth  ++........               u - ring of positive energy (curse)
                                A - +3 ring of intelligence (curse)

@: very slightly contaminated, invisible (expiring)
A: unfitting armour, antennae 1, claws 3, large bone plates 1, yellow scales 1,
blurry vision 2, cold resistance 2, fast metabolism 3, gourmand, magic
resistance 1, regeneration 1, shaggy fur 1, electricity resistance, tough skin 2
a: Curse Item, Scrying, Transfer Knowledge, Renounce Religion


You were on level 3 of the Elven Halls.
You worshipped Ashenzari.
Ashenzari was exalted by your worship.
You were not hungry.

You visited 4 branches of the dungeon, and saw 22 of its levels.
You also visited: Labyrinth, Sewer, Bailey, Ice Cave and Wizlab.

You collected 2299 gold pieces.
You spent 1320 gold pieces at shops.

Inventory:

Hand Weapons
 h - the cursed +13 scythe of Curses {drain, *Curse}
   (You took it off a frost giant in an ice cave)

   A truly terrible weapon, it drains the life of those it strikes.
   It may re-curse itself when equipped.
   It has a curse placed upon it.
Missiles
 d - 58 tomahawks of returning
 M - 4 large rocks (quivered)
Armour
 f - a cursed +0 shield (worn)
 x - the cursed -2 hat of the Alchemist (worn) {rElec rPois rF+ rC+ rN+ MR+ rMut rCorr}
   (You found it in a wizard's laboratory)

   It protects you from fire.
   It protects you from cold.
   It insulates you from electricity.
   It protects you from poison.
   It protects you from negative energy.
   It affects your resistance to hostile enchantments.
   It protects you from acid and corrosion.
   It protects you from mutation.
   It has a curse placed upon it.
 D - a cursed +0 cloak (worn)
 K - a cursed +0 steam dragon armour (worn)
 V - a +0 swamp dragon armour
Rods
 Z - a +2 rod of inaccuracy (11/11)
   (You bought it in a shop on level 2 of the Orcish Mines)
Jewellery
 u - a cursed ring of positive energy (right claw)
 y - the ring of the Lily {rElec rC+}
   (You found it on level 4 of the Lair of Beasts)

   [ring of protection from cold]

   It protects you from cold.
   It insulates you from electricity.
 A - a cursed +3 ring of intelligence (left claw)
 Q - an amulet of guardian spirit (around neck)
 S - an uncursed ring of fire
Wands
 l - a wand of lightning (12/15)
 I - a wand of teleportation (6/9)
 L - a wand of digging (5/24)
 N - a wand of confusion (28/48)
 R - a wand of disintegration (3/24)
 U - a wand of acid (7/15)
 Y - a wand of heal wounds (3/9)
Scrolls
 a - a scroll of identify
 c - 4 scrolls of enchant armour
 g - 6 scrolls of magic mapping
 n - 2 scrolls of fog
 s - 4 scrolls of teleportation
 G - a scroll of blinking
 O - a scroll of vulnerability
 P - 2 scrolls of remove curse
 W - 4 scrolls of summoning
 X - a scroll of amnesia
Potions
 e - 6 potions of might
 i - 8 potions of curing
 m - 3 potions of cure mutation
 o - 3 potions of flight
 r - 2 potions of magic
 t - 3 potions of brilliance
 v - 2 potions of agility
 w - 5 potions of lignification
 C - 2 potions of haste
 F - a potion of cancellation
 H - 4 potions of beneficial mutation
 T - 11 potions of mutation
Miscellaneous
 p - a fan of gales
 J - a disc of storms
Comestibles
 b - 11 bread rations
 j - 14 meat rations
 k - 3 fruits
 q - 9 beef jerkies
 B - a royal jelly
 E - 8 slices of pizza


   Skills:
 + Level 12.3 Fighting
 - Level 5.0 Throwing
 + Level 12.1(16.2) Dodging
 - Level 1.1(3.7) Stealth
 - Level 5.9(9.0) Shields
 * Level 19.1 Unarmed Combat
 - Level 2.0 Spellcasting
 - Level 3.0(5.6) Conjurations
 - Level 3.0(5.6) Air Magic
 - Level 3.0(5.6) Poison Magic
 - Level 3.8(6.6) Evocations


You had 4 spell levels left.
You knew the following spells:

 Your Spells              Type           Power        Failure   Level  Hunger
a - Lee's Rapid Deconstr  Erth           #.........   100%        5    ######.
b - Corpse Rot            Necr           N/A          52%         2    ###....
e - Mephitic Cloud        Conj/Pois/Air  ##......     12%         3    ####...
r - Regeneration          Chrm/Necr      #.........   88%         3    ####...
v - Passwall              Tmut/Erth      #.........   52%         2    ###....


Dungeon Overview and Level Annotations

Branches:
Dungeon (11/15)            Temple (0/1) D:7            Lair (6/6) D:11
  Swamp (0/4) Lair:2       Spider (0/4) Lair:4        Slime (0/5) Lair:5
    Orc (2/2) D:9             Elf (3/3) Orc:2

Altars:
Ashenzari
Cheibriados
Dithmenos
Gozag
Hepliaklqana
Makhleb
Nemelex Xobeh
Okawaru
Qazlal
Xom
Yredelemnul
Zin
The Shining One
Beogh

Shops:
D:4 [   D:11 !   Orc:1 [   Orc:2 (%*}

Annotations:
D:11 exclusion: door


Innate Abilities, Weirdness & Mutations

You are too large for most types of armour.
You have claws for hands.
Your metabolism is lightning-fast.
You like to eat raw meat.
Your natural rate of healing is unusually fast.
You are covered in fur. (AC +1)
You have very tough skin. (AC +2)
You have a pair of small antennae on your head.
You are partially covered in large bone plates. (SH +4)
You are partially covered in yellow scales. (AC +2)
Scrolls take you longer to read.
Your flesh is very cold resistant. (rC++)
You are resistant to hostile enchantments. (MR+)
You are resistant to electric shocks. (rElec)


Message History

You mangle the small abomination!!
You destroy the small abomination!
You flicker for a moment.
The deep elf mage shouts!
You block the deep elf blademaster's attack.
The deep elf blademaster hits you with a rapier!
* * * LOW HITPOINT WARNING * * *
Really read with blurry vision while enemies are nearby?
Okay, then.
Really read with blurry vision while enemies are nearby?
The deep elf blademaster hits you with a rapier!
* * * LOW HITPOINT WARNING * * *
The deep elf blademaster completely misses you.
You begin reading the scroll.
You continue reading the scroll.
The deep elf blademaster hits you with a rapier.
* * * LOW HITPOINT WARNING * * *
The deep elf blademaster closely misses you.
You block the deep elf mage's attack.
The deep elf blademaster hits you with a rapier!
You die...

)...# #.# #...#. , ,,*
** , ...)# #.#
#...#.,,,,* * * ,
....# #.# #.8.' , ,,
....####'## #...#,,
*∆∆∆ ,, *,
....#.....#* #...#
∆∆∆,, ** ..(##.)...##
#(8.# , ∆∆∆⌠ ,
###()(...(.#,#ee)## ,
∆∆∆,, **, #
##...[...###)e).#,{
∆∆∆,,,,* ,
###(........##..@.##,,
*∆∆,, ,,
..##..((...###..)..#
,, **, ,, ...#.......#
#)..#.## ,** , *
...##.....##
#..##..##, , , ,
....#.....#
#(##.[..###, ,8 , ,
....####(##
#.#.......#**,, ,,
..[.##
#)(####.(....##...# *
**
..[#####(#(#.#.....##
.... , ,
###'#....)##..(....#.
...8


8 You could see a deep elf blademaster and 2 deep elf magi.

Vanquished Creatures
  A mutant beast (WizLab)
  A deep elf blademaster (Elf:3)
  A deep elf master archer (Elf:3)
  Kirke (Lair:4)
  A frost giant (IceCv)
  3 deep elf sorcerers (Elf:3)
  5 deep elf elementalists (Elf:3)
  4 very ugly things (WizLab)
  3 deep elf demonologists
  3 deep elf annihilators (Elf:3)
  8 deep elf death magi
  A minotaur (Lab)
  4 deep elf high priests (Elf:3)
  4 hydras
  A centaur warrior (D:9)
  A catoblepas (Lair:5)
  23 dancing weapons
  3 death yaks (Lair:6)
  Urug (Lair:4)
  An orc high priest (Elf:2)
  13 deep elf knights
  An iron golem (WizLab)
  Nergalle (Lair:4)
  An unseen horror (D:10)
  A swamp dragon (shapeshifter) (WizLab)
  8 deep elf archers
  2 unseen horrors (shapeshifter) (WizLab)
  4 orc knights
  A cyclops (Lair:1)
  A lindwurm (Lair:5)
  2 necromancers (Elf:1)
  A manticore (shapeshifter) (WizLab)
  2 oklob plants
  A harpy (shapeshifter) (WizLab)
  39 deep elf magi
  An orc sorcerer (Orc:1)
  An orb spider (shapeshifter) (WizLab)
  A shining eye (shapeshifter) (Elf:2)
  A salamander (shapeshifter) (WizLab)
  3 ice statues (IceCv)
  2 elephants (Lair:6)
  10 ugly things (WizLab)
  A moth of wrath (shapeshifter) (WizLab)
  9 black mambas
  A guardian serpent (shapeshifter) (WizLab)
  An eye of devastation (shapeshifter) (WizLab)
  A gargoyle (D:10)
  2 spiny frogs (shapeshifter) (WizLab)
  12 spiny frogs
  3 komodo dragons
  A komodo dragon (shapeshifter) (WizLab)
  A yaktaur (shapeshifter) (WizLab)
  8 rime drakes
  2 trolls (Orc:1)
  14 polar bears (IceCv)
  A jumping spider (Lair:4)
  Prince Ribbit (Lair:2)
  10 blink frogs
  2 dream sheep (Lair:6)
  A two-headed ogre (shapeshifter) (WizLab)
  A boulder beetle (Lair:5)
  6 hippogriffs
  11 large abominations
  Sigmund (D:3)
  An air elemental (Elf:2)
  2 water elementals
  35 yaks
  A fire bat (shapeshifter) (WizLab)
  A spriggan (shapeshifter) (WizLab)
  A tarantella (shapeshifter) (WizLab)
  A wraith (D:11)
  A basilisk (shapeshifter) (WizLab)
  4 fire elementals
  A wyvern (Lair:5)
  3 hungry ghosts
  4 fire bats (Orc:1)
  Grum (D:9)
  6 hogs
  2 humans
  A golden eye (Lair:5)
  A steam dragon (D:8)
  3 basilisks
  5 wargs
  Menkaure (D:5)
  A swamp worm (shapeshifter) (WizLab)
  A naga (shapeshifter) (WizLab)
  A soldier ant (shapeshifter) (WizLab)
  14 water moccasins
  4 floating eyes (WizLab)
  A sky beast (shapeshifter) (WizLab)
  49 orc warriors
  7 porcupines
  3 black bears
  An eye of draining (Lair:5)
  2 sky beasts
  An ice beast (D:10)
  A black bear (shapeshifter) (WizLab)
  A necrophage (D:10)
  3 phantoms
  A wasp (D:10)
  10 ogres
  An eye of draining (shapeshifter) (WizLab)
  27 wolves
  18 centaurs
  11 crocodiles
  4 big kobolds (Sewer)
  An elf zombie (Elf:1)
  9 bullfrogs
  4 earth elementals
  A gnoll sergeant (D:7)
  A wyvern skeleton (D:9)
  A scorpion (shapeshifter) (WizLab)
  3 scorpions
  7 small abominations
  A killer bee (D:9)
  2 howler monkeys
  9 wights
  4 electric eels (Lair:2)
  4 crimson imps
  2 centaur zombies
  A quasit (D:8)
  A bullfrog zombie (D:10)
  A bullfrog skeleton (D:4)
  9 hounds
  5 jellies
  11 orc priests
  A gnoll shaman (D:5)
  Jessica (D:3)
  7 iguanas
  13 orc wizards
  Natasha (twice) (D:3)
  6 worker ants
  A killer bee zombie (D:3)
  A hound zombie (D:4)
  A mummy (D:6)
  Robin (D:4)
  A worker ant zombie (D:4)
  11 gnolls
  15 adders
  55 river rats
  2 shadow imps
  5 oozes
  An adder zombie (D:6)
  2 adder skeletons
  9 worms
  4 dart slugs
  6 leopard geckos
  59 orcs
  5 ball pythons
  4 bats
  11 giant cockroaches
  11 goblins
  13 hobgoblins
  6 jackals
  6 quokkas
  A ball python zombie (D:4)
  3 frilled lizards
  A jackal zombie (D:6)
  31 kobolds
  A leopard gecko skeleton (D:4)
  A leopard gecko zombie (D:4)
  A quokka skeleton (D:4)
  12 rats
882 creatures vanquished.

Vanquished Creatures (others)
  An orc (Orc:2)
  A bush (Lair:4)
  2 fungi (Lair:6)
  A plant (Lair:6)
5 creatures vanquished.

Grand Total: 887 creatures vanquished

Notes
Turn   | Place    | Note
-------+----------+-------------------------------------------
     0 | D:1      | Amnesiac the Troll Monk began the quest for the Orb.
     0 | D:1      | Reached XP level 1. HP: 22/22 MP: 0/0
    10 | D:1      | Reached XP level 2. HP: 20/29 MP: 1/1
   147 | D:2      | Found a shattered altar of Ashenzari.
   164 | D:2      | Found a glowing golden altar of the Shining One.
   253 | D:2      | Became a worshipper of Ashenzari the Shackled
   253 | D:2      | Reached * piety under Ashenzari
   253 | D:2      | Reached ** piety under Ashenzari
   390 | D:1      | Reached XP level 3. HP: 33/36 MP: 2/2
   637 | D:1      | Reached skill level 4 in Unarmed Combat
  1123 | D:2      | Reached XP level 4. HP: 38/45 MP: 3/3
  1758 | D:3      | Noticed Natasha
  1764 | D:3      | Killed Natasha
  1764 | D:3      | Reached XP level 5. HP: 53/53 MP: 4/4
  1914 | D:3      | Found a basalt altar of Yredelemnul.
  1960 | D:3      | Noticed Sigmund
  1962 | D:3      | Noticed Jessica
  1973 | D:3      | Killed Sigmund
  1973 | D:3      | Reached skill level 5 in Unarmed Combat
  1973 | D:3      | Reached XP level 6. HP: 61/61 MP: 5/5
  1979 | D:3      | Noticed Natasha
  1979 | D:3      | Killed Jessica
  1987 | D:3      | Killed Natasha
  2282 | D:4      | Found a hazy altar of Hepliaklqana.
  2380 | D:4      | Reached skill level 6 in Unarmed Combat
  2387 | D:4      | Reached XP level 7. HP: 57/70 MP: 6/6
  2437 | D:4      | Found Qianuz's Armour Emporium.
  2457 | D:4      | Noticed Robin
  2462 | D:4      | Killed Robin
  2566 | D:4      | Found a glowing drain.
  2683 | Sewer    | Entered a sewer
  2688 | Sewer    | Reached *** piety under Ashenzari
  3110 | Sewer    | Reached skill level 7 in Unarmed Combat
  3525 | D:5      | Entered Level 5 of the Dungeon
  3539 | D:5      | Reached XP level 8. HP: 79/79 MP: 7/7
  3558 | D:5      | Found a glowing silver altar of Zin.
  3675 | D:5      | Found a stormy altar of Qazlal.
  3699 | D:5      | Gained mutation: You are weak. (Str -2) [mutagenic meat]
  3702 | D:5      | Gained mutation: You are partially covered in yellow scales. (AC +2) [mutagenic meat]
  3705 | D:5      | Gained mutation: Your movements are slightly less encumbered by armour. (ER -2) [mutagenic meat]
  3708 | D:5      | Gained mutation: Your flesh is heat resistant. (rF+) [mutagenic meat]
  3711 | D:5      | Gained mutation: You are resistant to electric shocks. (rElec) [mutagenic meat]
  3714 | D:5      | Gained mutation: You are agile. (Dex +2) [mutagenic meat]
  3880 | D:5      | Noticed Menkaure
  3894 | D:5      | Killed Menkaure
  3894 | D:5      | Reached skill level 5 in Fighting
  4187 | D:5      | Reached skill level 8 in Unarmed Combat
  4690 | D:6      | Reached skill level 5 in Dodging
  4772 | D:6      | Found a sparkling altar of Nemelex Xobeh.
  4924 | D:6      | Found a snail-covered altar of Cheibriados.
  5015 | D:7      | Found a shimmering altar of Xom.
  5020 | D:7      | Reached XP level 9. HP: 89/89 MP: 8/8
  5031 | D:7      | Reached skill level 9 in Unarmed Combat
  5139 | D:7      | Found an opulent altar of Gozag.
  5211 | D:7      | Found a staircase to the Ecumenical Temple.
  5403 | D:7      | Reached skill level 10 in Unarmed Combat
  5683 | D:8      | Learned a level 3 spell: Mephitic Cloud
  5827 | D:8      | Reached **** piety under Ashenzari
  5896 | D:8      | Reached XP level 10. HP: 95/100 MP: 9/9
  5899 | D:8      | Found a shadowy altar of Dithmenos.
  6114 | D:8      | Found a shimmering altar of Xom.
  6115 | D:8      | Found a burning altar of Makhleb.
  6159 | D:8      | Found an iron altar of Okawaru.
  6226 | D:8      | Gained mutation: Scrolls take you a little longer to read. [potion of mutation]
  6226 | D:8      | Gained mutation: Your mind is acute. (Int +2) [potion of mutation]
  6226 | D:8      | Gained mutation: Your body sometimes deteriorates upon taking damage. [potion of mutation]
  6402 | D:9      | Noticed a centaur warrior
  6419 | D:9      | Killed a centaur warrior
  6419 | D:9      | Reached skill level 11 in Unarmed Combat
  6535 | D:9      | Found a flagged portal.
  6551 | Bailey   | Entered a bailey
  7227 | Bailey   | Noticed an orc knight
  7245 | Bailey   | Killed an orc knight
  7584 | D:9      | Reached skill level 1 in Shields
  7884 | D:9      | Noticed Grum
  7912 | D:9      | Killed Grum
  7956 | D:9      | Found a staircase to the Orcish Mines.
  8173 | D:10     | Entered Level 10 of the Dungeon
  8201 | D:10     | Reached XP level 11. HP: 91/109 MP: 10/10
  8271 | D:10     | Reached skill level 5 in Shields
  8352 | D:10     | Noticed an unseen horror
  8378 | D:10     | Killed an unseen horror
  8739 | D:11     | Found a frozen archway.
  8742 | D:11     | Identified the cursed +1 robe of Lifelessness {rF+ rN+}
  8753 | IceCv    | Entered an ice cave
  8763 | IceCv    | Reached skill level 1 in Poison Magic
  8772 | IceCv    | Reached skill level 1 in Conjurations
  8772 | IceCv    | Reached skill level 1 in Air Magic
  8796 | IceCv    | Reached skill level 1 in Spellcasting
  9407 | IceCv    | Noticed a frost giant
  9597 | IceCv    | Killed a frost giant
  9597 | IceCv    | Reached skill level 12 in Unarmed Combat
  9597 | IceCv    | Reached XP level 12. HP: 92/117 MP: 11/14
  9912 | D:11     | Found Vasote's Distillery.
  9941 | D:11     | Gained mutation: You have a pair of small antennae on your head. [potion of beneficial mutation]
  9942 | D:11     | Bought a potion of mutation for 40 gold pieces
  9942 | D:11     | Gained mutation: Your flesh is cold resistant. (rC+) [potion of mutation]
 10098 | D:11     | Noticed a four-headed hydra
 10275 | D:11     | Noticed a five-headed hydra
 10416 | D:11     | Found a staircase to the Lair.
 10676 | Lair:1   | Entered Level 1 of the Lair of Beasts
 10747 | Lair:1   | Reached ***** piety under Ashenzari
 11430 | Lair:2   | Noticed Prince Ribbit
 11438 | Lair:2   | Killed Prince Ribbit
 11438 | Lair:2   | Reached skill level 1 in Evocations
 11512 | Lair:2   | Found a staircase to the Swamp.
 11688 | Lair:2   | Found a labyrinth entrance.
 11700 | Lab      | Entered a labyrinth
 11867 | Lab      | Noticed a minotaur
 11871 | Lab      | Killed a minotaur
 11872 | Lab      | Identified the Grimoire of Ghastly Displacement
 12317 | Lair:2   | Reached skill level 5 in Throwing
 12621 | Lair:3   | Reached XP level 13. HP: 115/126 MP: 15/15
 12882 | Lair:3   | Found a glowing golden altar of the Shining One.
 13143 | Lair:3   | Learned a level 2 spell: Passwall
 13148 | Lair:3   | Learned a level 3 spell: Regeneration
 13432 | Lair:3   | Learned a level 5 spell: Lee's Rapid Deconstruction
 13499 | Lair:4   | Noticed Kirke
 13664 | Lair:4   | Noticed Urug
 13676 | Lair:4   | Killed Urug
 13676 | Lair:4   | Reached skill level 13 in Unarmed Combat
 13833 | Lair:4   | Identified the ring of the Lily {rElec rC+}
 13877 | Lair:4   | Found a hole to the Spider Nest.
 13908 | Lair:4   | Reached ****** piety under Ashenzari
 13937 | Lair:4   | Killed Kirke
 14092 | Lair:4   | Noticed Nergalle
 14100 | Lair:4   | Killed Nergalle
 15091 | Lair:5   | Found a staircase to the Slime Pits.
 15777 | Lair:6   | Entered Level 6 of the Lair of Beasts
 15859 | Lair:6   | Reached skill level 14 in Unarmed Combat
 16546 | Lair:6   | Reached XP level 14. HP: 126/140 MP: 16/16
 16646 | Lair:6   | Identified the +1 robe of Aceploc {rC++ MR- Int+4}
 17904 | D:10     | Gained mutation: Your flesh is very cold resistant. (rC++) [potion of mutation]
 17904 | D:10     | Gained mutation: Armour fits poorly on your strangely shaped body. [potion of mutation]
 17904 | D:10     | Lost mutation: You are weak. (Str -2) [potion of mutation]
 17965 | Orc:1    | Entered Level 1 of the Orcish Mines
 18170 | Orc:1    | Reached skill level 15 in Unarmed Combat
 18247 | Orc:1    | Found Amuce's Antique Armour Boutique.
 18796 | Orc:2    | Entered Level 2 of the Orcish Mines
 18983 | Orc:2    | Found a staircase to the Elven Halls.
 19082 | Orc:2    | Found a roughly hewn altar of Beogh.
 19401 | Orc:2    | HP: 7/141 [orc knight/uncursed broad axe (15)]
 19960 | Orc:2    | Reached skill level 10 in Fighting
 20062 | Orc:2    | Found Hiczaxte's Food Shop.
 20062 | Orc:2    | Found Kyosoel's General Store.
 20064 | Orc:2    | Found Ovvem's Gadget Emporium.
 20066 | Orc:2    | Found Riudix's Antique Weapon Boutique.
 20073 | Orc:2    | Bought a wand of heal wounds (4/9) for 480 gold pieces
 20073 | Orc:2    | Bought a +1 rod of inaccuracy (10/10) for 800 gold pieces
 20318 | Elf:1    | Entered Level 1 of the Elven Halls
 20712 | Elf:1    | Reached skill level 10 in Dodging
 20806 | Elf:1    | Noticed a Tzitzimitl
 21023 | Elf:1    | Reached skill level 16 in Unarmed Combat
 21150 | Elf:2    | Found a magical portal.
 21159 | WizLab   | Entered Cigotuvi's Fleshworks
 21275 | WizLab   | Noticed a brown very ugly thing
 21289 | WizLab   | Noticed a purple very ugly thing
 21382 | WizLab   | Reached XP level 15. HP: 112/152 MP: 11/17
 21450 | WizLab   | Lost mutation: Scrolls take you a little longer to read. [mutagenic meat]
 21456 | WizLab   | Lost mutation: Your mind is acute. (Int +2) [mutagenic meat]
 21459 | WizLab   | Lost mutation: Your flesh is very cold resistant. (rC++) [mutagenic meat]
 21462 | WizLab   | Gained mutation: Your body often deteriorates upon taking damage. [mutagenic meat]
 21465 | WizLab   | Gained mutation: You are resistant to hostile enchantments. (MR+) [mutagenic meat]
 21468 | WizLab   | Lost mutation: Your flesh is heat resistant. (rF+) [mutagenic meat]
 21471 | WizLab   | Gained mutation: You are partially covered in large bone plates. (SH +4) [mutagenic meat]
 21474 | WizLab   | Gained mutation: Your flesh is very cold resistant. (rC++) [mutagenic meat]
 21477 | WizLab   | Gained mutation: Your spells are a little harder to cast, but a little more powerful. [mutagenic meat]
 21570 | WizLab   | Paralysed by a floating eye for 4 turns
 21578 | WizLab   | Paralysed by a floating eye for 2 turns
 21614 | WizLab   | Lost mutation: Your spells are a little harder to cast, but a little more powerful. [mutagenic meat]
 21635 | WizLab   | Lost mutation: Your movements are slightly less encumbered by armour. (ER -2) [mutagenic meat]
 21638 | WizLab   | Gained mutation: You occasionally shout uncontrollably at your foes. [mutagenic meat]
 21641 | WizLab   | Gained mutation: Scrolls take you a little longer to read. [mutagenic meat]
 21682 | WizLab   | Paralysed by a floating eye for 4 turns
 21715 | WizLab   | Lost mutation: Your body often deteriorates upon taking damage. [mutagenic meat]
 21825 | WizLab   | Gained mutation: Scrolls take you longer to read. [mutagenic meat]
 21849 | WizLab   | Gained mutation: You have a pair of antennae on your head. [mutagenic meat]
 21858 | WizLab   | Lost mutation: Armour fits poorly on your strangely shaped body. [mutagenic meat]
 22060 | WizLab   | Lost mutation: Your body sometimes deteriorates upon taking damage. [mutagenic meat]
 22102 | WizLab   | Lost mutation: You occasionally shout uncontrollably at your foes. [mutagenic meat]
 22105 | WizLab   | Lost mutation: You are agile. (Dex +2) [mutagenic meat]
 22111 | WizLab   | Lost mutation: You have a pair of antennae on your head. [mutagenic meat]
 22223 | WizLab   | Noticed Cigotuvi's Monster
 22252 | WizLab   | Killed Cigotuvi's Monster
 22252 | WizLab   | Reached skill level 17 in Unarmed Combat
 22400 | WizLab   | Identified the Disquisition on Transmigration
 22408 | WizLab   | Identified Sif Muna's Papyrus of Changing
 22411 | WizLab   | Identified Cigotuvi's Almanac of Transformation and Evil
 22415 | WizLab   | Learned a level 2 spell: Corpse Rot
 22721 | Elf:2    | Found a runed gate.
 22721 | Elf:2    | Found a runed gate.
 22726 | Elf:2    | Found a runed gate.
 23517 | Elf:2    | Reached XP level 16. HP: 114/163 MP: 5/18
 23824 | Elf:2    | HP: 5/163 [glaive of venom (13)]
 23834 | Elf:2    | Reached skill level 18 in Unarmed Combat
 24336 | Elf:3    | Entered Level 3 of the Elven Halls
 24990 | Elf:3    | Noticed a deep elf master archer
 25346 | Elf:3    | Killed a deep elf master archer
 25789 | Orc:2    | Identified a scroll of acquirement
 25996 | Elf:1    | Identified the Reference Book on Black Rites
 26289 | Elf:3    | Reached skill level 19 in Unarmed Combat
 26310 | Elf:3    | Noticed a deep elf blademaster
 26329 | Elf:3    | Killed a deep elf blademaster
 26340 | Elf:3    | Noticed a deep elf blademaster
 26347 | Elf:3    | HP: 4/166 [deep elf blademaster/rapier (11)]
 26348 | Elf:3    | HP: 1/166 [deep elf blademaster/rapier (4)]
 26348 | Elf:3    | Mangled by a deep elf blademaster

Vault maps used:
D:1:      dpeg_arrival_radiant, hangedman_abyss_or_decor_lesser_grid
D:2:      tso_oasis_becter, ashenzari_altar_1
D:3:      overflow_temple_1_default, uniq_jessica, uniq_sigmund, uniq_natasha
D:4:      overflow_temple_1_default, portal_sewer_entry_e, serial_undead,
          serial_undead_c, serial_undead_f, serial_undead_c, serial_undead_e,
          first_bread, serial_shops, shop, minmay_vboxes, uniq_robin
D:5:      old_standard_altar, grunt_qazlal_sundering, st_stairs_12,
          serial_park_tiny_1, uniq_menkaure
D:6:      lemuel_round_altar, slow_altar_1
D:7:      nicolae_gozag_cash_rules_everything_around_me, grunt_livestock,
          xom_confusion_cloud
D:8:      lemuel_coloured_pillars_altar,
          grunt_temple_overflow_champion_of_chaos,
          nicolae_dithmenos_the_darkroom
D:9:      david_orc_1_choice, enter_bailey_2, kennysheep_generic_room_9,
          uniq_grum
D:10:     glass_columns_b
D:11:     dpeg_lair_monsters, serial_shops, shop,
          portal_ice_cave_entry_pillars_2, minmay_holes
Lair:2:   minmay_swamp_entry_eels, lab_entry_generic, uniq_prince_ribbit2
Lair:3:   lemuel_oklob_altar
Lair:4:   spider_nest_entry_rubble, minivault_19, patterned_corridor,
          uniq_kirke, uniq_nergalle, uniq_urug
Lair:5:   nicolae_slime_entry_slimehenge, minmay_lair_drake_nest
Lair:6:   hangedman_lair_in_review, st_stairs_12
Orc:1:    serial_shops, shop, nicolae_orc_sculptors_studio,
          nicolae_orc_lava_tube
Orc:2:    st_orc_rangers, basic_altar
Elf:1:    minmay_elf_arrival_summoners, minmay_elf_necromancy,
          hangedman_elf_simple_split
Elf:2:    mu_enter_wizlab_3, basic_stair_grate_trap
Elf:3:    minmay_elf_hall_statues
Sewer:    sewer_co_tree
Bailey:   bailey_axe_1, bailey
IceCv:    ice_cave_small_giant
WizLab:   wizlab_cigotuvi

Skill      XL: |  1  2  3  4  5  6  7  8  9 10 11 12 13 14 15 16 |
---------------+-------------------------------------------------+-----
Unarmed Combat | 4 5 6 7 8 10 11 12 14 16 17 19 | 19.1
Fighting       | 3 4 5 6 7 8 9 10 11 12 | 12.3
Dodging        | 3 4 5 6 7 9 10 11 12 | 12.1
Shields        | 4 5 |  5.9
Poison Magic   | 3 |  3.0
Conjurations   | 3 |  3.0
Air Magic      | 3 |  3.0
Spellcasting   | 2 |  2.0
Evocations     | 3 |  3.8
Throwing       | 5 |  5.0
Stealth        | |  1.1

Action                   |  1- 3 |  4- 6 |  7- 9 | 10-12 | 13-15 | 16-18 || total
-------------------------+-------+-------+-------+-------+-------+-------++-------
Melee: Unarmed           |   115 |   105 |   407 |   886 |  1729 |   442 ||  3684
       Punch             |     2 |     1 |    19 |     7 |       |       ||    29
Throw: Large rock        |       |       |       |       |    15 |       ||    15
 Cast: Mephitic Cloud    |       |       |       |     7 |     1 |       ||     8
       Passwall          |       |       |       |       |     1 |     1 ||     2
Invok: Curse Item        |     1 |       |     2 |     2 |     1 |       ||     6
Evoke: Wand              |       |       |       |    12 |     8 |     3 ||    23
       Disc of storms    |       |       |       |       |     8 |       ||     8
  Use: Scroll            |       |       |       |    22 |    11 |     4 ||    37
       Potion            |       |       |       |    12 |     5 |     8 ||    25
 Stab: Sleeping          |     3 |       |     7 |    11 |    13 |       ||    34
       Distracted        |       |       |       |     2 |     3 |       ||     5
       Confused          |       |       |       |     6 |     6 |       ||    12
       Invisible         |       |       |       |       |       |     4 ||     4
  Eat: Chunk             |    16 |    11 |    39 |    77 |   141 |    21 ||   305
       Bread ration      |       |       |       |       |     2 |       ||     2
       Pizza             |       |       |       |       |     1 |       ||     1
Armor: Robe              |    48 |    19 |    74 |    61 |       |       ||   202
       Steam dragon armo |       |       |       |   117 |   205 |    33 ||   355
Dodge: Dodged            |    65 |    43 |   215 |   591 |   873 |   156 ||  1943
Block: Shield            |       |       |       |   440 |   887 |   209 ||  1536
